 Dungeon Crawl Stone Soup version 0.23-a0-175-g97aacdb (console) character file.

602 nht the Insei (level 7, -4/48 HPs)
             Began as a Demonspawn Transmuter on Sept 17, 2018.
             Slain by an orc wizard
             ... wielding a +2 dagger of electrocution
              (19 damage)
             ... on level 4 of the Dungeon.
             The game lasted 00:05:53 (3187 turns).

nht the Insei (Demonspawn Transmuter)               Turns: 3187, Time: 00:05:54

Health: -4/48      AC:  5    Str: 11    XL:     7   Next: 18%
Magic:  10/10      EV: 12    Int: 16    God:
Gold:   234        SH:  0    Dex: 13    Spells: 6/10 levels left

rFire    . . .     SeeInvis .     - Unarmed
rCold    . . .     Gourm    .   (no shield)
rNeg     . . .     Faith    .   b - +0 robe
rPois    .         Spirit   .   (no helmet)
rElec    .         Reflect  .   (no cloak)
rCorr    .         Harm     .   k - +1 pair of gloves
MR       .....                  s - +0 pair of boots
Stlth    +.........             r - amulet of the acrobat
HPRegen  0.16/turn              (no ring)
MPRegen  0.12/turn              (no ring)

@: appendage (expiring)
A: horns 2, talons 2, demonic guardian 1, sense surroundings 1, rot immunity
a: End Transformation


You were on level 4 of the Dungeon.
You were not hungry.
You had grown temporary horns.
You visited 1 branch of the dungeon, and saw 4 of its levels.

You collected 234 gold pieces.

Inventory:

Missiles
 a - 124 arrows
Armour
 b - a +0 robe (worn)
 k - a +1 pair of gloves (worn)
 p - a +2 shield
 s - a +0 pair of boots (worn)
Jewellery
 r - an amulet of the acrobat (around neck)
Wands
 A - a wand of disintegration (15)
Scrolls
 f - a scroll of blinking {unknown}
 g - a scroll of amnesia {unknown}
 h - a scroll of random uselessness {unknown}
 n - a scroll of identify
 t - 2 scrolls of remove curse {unknown}
 v - a scroll of fear {unknown}
 x - a scroll of enchant armour {unknown}
 y - 2 scrolls of noise {unknown}
Potions
 c - 2 potions of brilliance
 e - 2 potions of flight
 i - a potion of magic
 j - a potion of agility
 l - 2 potions of resistance
 m - a potion of might
 q - a potion of heal wounds
 u - a potion of curing
 z - a potion of haste
Comestibles
 d - 10 rations
 o - 3 chunks of flesh


   Skills:
 - Level 1.0 Fighting
 - Level 1.7 Dodging
 * Level 6.4 Unarmed Combat
 - Level 2.0 Spellcasting
 + Level 4.3 Transmutations


You had 6 spell levels left.
You knew the following spells:

 Your Spells              Type           Power        Failure   Level  Hunger
a - Beastly Appendage     Tmut           ###...       3%          1    #......
b - Spider Form           Tmut/Pois      #.........   26%         3    ###....

Your spell library contained the following spells:

 Spells                   Type           Power        Failure   Level  Hunger
 Sticks to Snakes         Tmut           ###.....     5%          2    ###....
 Ice Form                 Ice/Tmut       #.......     63%         4    #####..
 Blade Hands              Tmut           ###.......   67%         5    ######.


Dungeon Overview and Level Annotations

Branches:
Dungeon (4/15)
 Temple: D:4-7

Altars:
Elyvilon
Vehumet

Shops:
D:4 :

Annotations:
D:4 exclusion: orc priest


Innate Abilities, Weirdness & Mutations

You have razor-sharp toenails.
A weak demonic guardian rushes to your aid.
You are immune to rotting.
You have a pair of horns on your head.
You passively map a small area around you.


Message History

You kill the orc!
The orc wizard casts a spell.
The orc wizard seems to speed up.
The orc wizard gestures at you while chanting.
The magic dart hits you!
You hit the orc wizard.
The orc wizard is moderately wounded.
The orc wizard completely misses you.
Your quasit bites the orc wizard.
Your quasit barely misses the orc wizard.
Your quasit closely misses the orc wizard.
You hit the orc wizard. Your headbutt misses the orc wizard.
The orc wizard is severely wounded.
Your transformation is almost over.
The orc wizard hits you but does no damage.
Your quasit misses the orc wizard.
Your quasit claws the orc wizard but does no damage.
Your quasit misses the orc wizard.
The orc wizard hits you with a dagger of electrocution.
You are electrocuted!
You die...

,* █.█ █ █.█.█* █.█ █
█.█.█ █.█ █
█.█.███████.████
█...........(... * *
███.█.███..█.█████
█....., .....█....)......
.....█████)..█.██.███████
█.█.....5o@....█§██.█
█.█.....█████..█.██.█ *
█.█.....██........█.█ *
█.█........██..█..█..
█.█............█..█.█,*
███.█.<......>......█.█
█..................████
█.* ██....████████......
,,... █..█....█ ....... ,
█.█


You could see an orc wizard and a friendly quasit.

Vanquished Creatures
  Grinder (D:4)
  Edmund (D:4)
  A bullfrog skeleton (D:3)
  An iguana (D:4)
  Ijyb (D:4)
  Natasha (twice) (D:4)
  A worker ant (D:4)
  5 adders
  An ooze (D:2)
  A dart slug (D:3)
  4 leopard geckos
  3 orcs
  3 bats
  5 giant cockroaches
  4 goblins
  6 hobgoblins
  4 jackals (D:2)
  2 kobolds (D:3)
  2 quokkas
  3 ball pythons
  5 frilled lizards
  A leopard gecko skeleton (D:4)
  7 rats
64 creatures vanquished.

Vanquished Creatures (collateral kills)
  An orc priest (D:4)
  A dart slug (D:4)
2 creatures vanquished.

Grand Total: 66 creatures vanquished

Notes
Turn   | Place    | Note
-------+----------+-------------------------------------------
     0 | D:1      | nht the Demonspawn Transmuter began the quest for the Orb.
     0 | D:1      | Reached XP level 1. HP: 15/15 MP: 3/3
   138 | D:1      | Reached skill level 3 in Unarmed Combat
   268 | D:1      | Gained mutation: A weak demonic guardian rushes to your
                  | aid. [demonic ancestry]
   268 | D:1      | Reached XP level 2. HP: 18/21 MP: 3/5
   707 | D:2      | Mutation became permanent: You have razor-sharp toenails.
                  | [demonic ancestry]
   707 | D:2      | Gained mutation: You have claws for feet. [demonic
                  | ancestry]
   707 | D:2      | Reached XP level 3. HP: 21/26 MP: 4/6
  1441 | D:2      | Found a radiant altar of Vehumet.
  1508 | D:3      | Reached skill level 4 in Unarmed Combat
  1525 | D:3      | Reached XP level 4. HP: 32/32 MP: 5/7
  2288 | D:4      | Found Lejoat Ewee's Book Emporium.
  2321 | D:3      | Learned a level 3 spell: Spider Form
  2424 | D:4      | Gained mutation: You are immune to rotting. [demonic
                  | ancestry]
  2424 | D:4      | Reached XP level 5. HP: 27/37 MP: 5/8
  2436 | D:4      | Found a white marble altar of Elyvilon.
  2442 | D:4      | Noticed Ijyb
  2454 | D:4      | Killed Ijyb
  2460 | D:4      | Gained mutation: You have razor-sharp toenails. [potion of
                  | mutation]
  2460 | D:4      | Gained mutation: You passively map a small area around you.
                  | [potion of mutation]
  2536 | D:4      | Noticed Edmund
  2554 | D:4      | Killed Edmund
  2554 | D:4      | Reached skill level 5 in Unarmed Combat
  2554 | D:4      | Reached XP level 6. HP: 3/43 MP: 2/9
  2973 | D:4      | Noticed Natasha
  2973 | D:4      | Noticed Grinder
  2976 | D:4      | Killed Natasha
  2987 | D:4      | Killed Grinder
  2987 | D:4      | Reached skill level 6 in Unarmed Combat
  2987 | D:4      | Mutation became permanent: You have sharp toenails.
                  | [demonic ancestry]
  2987 | D:4      | Gained mutation: You have razor-sharp toenails. [demonic
                  | ancestry]
  2987 | D:4      | Reached XP level 7. HP: 7/48 MP: 10/10
  3132 | D:4      | Noticed Natasha
  3141 | D:4      | Killed Natasha
  3187 | D:4      | Slain by an orc wizard

Vault maps used:
D:1:      dpeg_arrival_connections
D:2:      kennysheep_flooded_box, minivault_14, kennysheep_potato
D:4:      serial_shops, shop, elyvilon_altar_4, uniq_edmund, uniq_natasha,
          uniq_ijyb, uniq_grinder

Skill      XL: |  1  2  3  4  5  6 |
---------------+-------------------+-----
Unarmed Combat | 3 4 5 6 |  6.4
Transmutations | 2 3 4 |  4.3
Fighting       | |  1.0
Dodging        | |  1.7
Spellcasting   | |  2.0

Action                   |  1- 3 |  4- 6 |  7- 9 || total
-------------------------+-------+-------+-------++-------
Melee: Unarmed           |   124 |   103 |    24 ||   251
       Headbutt          |    11 |    13 |     8 ||    32
       Kick              |     4 |       |       ||     4
 Cast: Beastly Appendage |    22 |    17 |     3 ||    42
       Spider Form       |       |     1 |       ||     1
Evoke: Wand              |       |     3 |     1 ||     4
  Use: Scroll            |       |     6 |       ||     6
       Potion            |       |     6 |       ||     6
 Stab: Sleeping          |     1 |     1 |       ||     2
  Eat: Chunk             |     2 |     6 |     1 ||     9
Armor: Robe              |    52 |    10 |     6 ||    68
Dodge: Dodged            |    83 |    68 |    12 ||   163

Table legend:
 A = Non-vault XP
 B = Vault XP
 C = Vault XP percentage of total XP
 D = Non-vault monster count
 E = Vault monster count
 F = Vault count percentage of total count
                 A         B        C        D         E       F
            +---------+---------+-------+---------+---------+-------
      Total |     325 |     536 |  62.3 |      59 |       7 |  10.6
            +---------+---------+-------+---------+---------+-------
        D:1 |      20 |       0 |   0.0 |      12 |       0 |   0.0
        D:2 |      51 |      11 |  17.7 |      16 |       3 |  15.8
        D:3 |     103 |       0 |   0.0 |      21 |       0 |   0.0
        D:4 |     151 |     525 |  77.7 |      10 |       4 |  28.6
            +---------+---------+-------+---------+---------+-------
